cohdb
Replays
Latest Replays
All Replays
Popular Replays
Top Player Replays
Match Explorer
How It Works
Community
CoH3 Stats
Reddit
Sign in to upload your games and track your stats! →
Sign in with Steam
Match 45388422
Unlisted
Match 45388422
Overview
Messages
Build Orders
End
Scout Squad
Construct Weapon Support Center
M1919 Machine Gun Team
M1919 Machine Gun Team
M1919 Machine Gun Team
Bazooka Squad
Construct Medical Station
Mechanized Support Center
Bazooka Squad
M3 Armored Personnel Carrier
M3 Armored Personnel Carrier
Selects Heavy Weapons
Selects M2HB .50cal Heavy Machine Gun
Selects Assault Carriers
Selects Exchangeable Parts
M3 Assault Carrier
Engineer Squad
Designate Forward Repair Station
Construct Tank Depot
Jopjahh
OceanGrown
모화
Psycho_Jogi
0
0
Comments
sign in to comment!
No comments posted yet!